 Dungeon Sprint DCSS version 0.22.1-2-g9c5b331 (webtiles) character file.

543 Lilu the Blocker (level 7, -2/50 HPs)
             Began as a Gargoyle Fighter on Nov 13, 2018.
             Slain by a sun demon (8 damage)
             ... summoned by a kobold demonologist
             ... in the Dungeon (Sprint I: "Red Sonja").
             The game lasted 00:02:03 (162 turns).

Lilu the Blocker (Gargoyle Fighter)                  Turns: 162, Time: 00:02:04

Health: -2/50      AC: 15    Str: 21    XL:     7   Next: 27%
Magic:  7/7        EV:  7    Int:  9    God:
Gold:   108        SH: 11    Dex:  9    Spells: 6/6 levels left

rFire    . . .     SeeInvis .   a - +0 flail
rCold    . . .     Gourm    .   c - +0 shield
rNeg     + . .     Faith    .   n - +0 chain mail
rPois    ∞         Spirit   .   (no helmet)
rElec    +         Reflect  .   (no cloak)
rCorr    .         Harm     .   (no gloves)
MR       .....     NoTele   +   (no boots)
Stlth    ..........             (no amulet)
HPRegen  0.16/turn              (no ring)
MPRegen  0.10/turn              (no ring)

@: berserk cooldown, hasted and slowed
A: negative energy resistance 1, electricity resistance, unbreathing,
petrification resistance, rot immunity, AC +4
a: no special abilities


You were in the Dungeon.
You were not hungry.

You visited 1 branch You collected 108 gold pieces.

Inventory:

Hand Weapons
 a - a +0 flail (weapon)
Armour
 b - a +0 scale mail
 c - a +0 shield (worn)
 n - a +0 chain mail (worn)
Wands
 l - a wand of digging (10)
Scrolls
 k - a scroll of blinking
Potions
 i - 2 potions of magic
Comestibles
 f - a ration
 m - 3 chunks of flesh


   Skills:
 - Level 8.7 Fighting
 + Level 8.2 Maces & Flails
 - Level 8.6 Armour
 + Level 9.3 Shields


You had 6 spell levels left.
You didn't know any spells.
Your spell library was empty.

Dungeon Overview and Level Annotations

Branches:
Dungeon (1/1)

Altars:
Makhleb
Xom
Jiyva
Lugonu


Innate Abilities, Weirdness & Mutations

You are resistant to torment.
Your stone body is resilient. (AC +4)
You are immune to poison.
You resist negative energy. (rN+)
You are resistant to electric shocks. (rElec)
You can survive without breathing.
You are immune to petrification.
You are immune to rotting.


Message History

The quasit completely misses you. You block the quasit's attack.
You thump the kobold demonologist!
The kobold demonologist is moderately wounded.
You block the kobold demonologist's attack.
The quasit closely misses you. x2; You block the quasit's attack.
You block the sun demon's attack.
You sock the kobold demonologist!
The kobold demonologist is severely wounded.
The quasit barely misses you.
The quasit claws you but does no damage.
The quasit barely misses you. The sun demon hits you!
You are engulfed in flames!!
* * * LOW HITPOINT WARNING * * *
The kobold demonologist barely misses you.
The kobold demonologist begins to cast a cantrip, but forgets the words!
You hit the kobold demonologist.
The kobold demonologist is severely wounded.
You block the quasit's attack. x2; The quasit closely misses you.
The sun demon hits you!
You die...

########################
.#..'..#..'.$#__#K555..#
.').#..').#$.'.3@5K#...#
.#####'#####+#__#### ..+
.# #$$# #### ## .# ####
.# ⌠# ##


You could see a sun demon, 2 kobold demonologists, a quasit, 2 white imps and a
shadow imp.

Vanquished Creatures
  A slime creature (D)
  Sigmund (D)
  A floating eye (D)
  An ogre (D)
  Ijyb (D)
5 creatures vanquished.

Notes
Turn   | Place    | Note
-------+----------+-------------------------------------------
     0 | D        | Lilu the Gargoyle Fighter began the quest for the Orb.
     0 | D        | Reached XP level 1. HP: 14/14 MP: 1/1
     1 | D        | Noticed Ijyb
    33 | D        | Killed Ijyb
    33 | D        | Reached XP level 2. HP: 20/24 MP: 2/2
    33 | D        | Reached XP level 3. HP: 23/28 MP: 3/3
    83 | D        | Noticed an ogre
    92 | D        | Killed an ogre
    92 | D        | Reached skill level 4 in Shields
    92 | D        | Reached XP level 4. HP: 36/36 MP: 4/4
   102 | D        | Noticed Sigmund
   110 | D        | Killed Sigmund
   110 | D        | Reached skill level 7 in Shields
   110 | D        | Reached XP level 5. HP: 37/40 MP: 5/5
   110 | D        | Reached XP level 6. HP: 41/45 MP: 6/6
   119 | D        | Found a burning altar of Makhleb.
   119 | D        | Found a viscous altar of Jiyva.
   119 | D        | Found a shimmering altar of Xom.
   119 | D        | Found a corrupted altar of Lugonu.
   119 | D        | Noticed a slime creature
   124 | D        | Killed a slime creature
   124 | D        | Reached skill level 8 in Shields
   124 | D        | Reached XP level 7. HP: 41/50 MP: 7/7
   133 | D        | Noticed a kobold demonologist
   133 | D        | Noticed a kobold demonologist
   135 | D        | Paralysed by a floating eye for 4 turns
   137 | D        | Noticed a sixfirhy
   142 | D        | Reached skill level 9 in Shields
   159 | D        | Noticed a sun demon
   162 | D        | Slain by a sun demon

Skill      XL: |  1  2  3  4  5  6  7 |
---------------+----------------------+-----
Fighting       | 7 8 |  8.7
Maces & Flails | 3 6 7 8 |  8.2
Armour         | 4 7 8 |  8.6
Shields        | 4 7 8 9 |  9.3

Action                   |  1- 3 |  4- 6 |  7- 9 || total
-------------------------+-------+-------+-------++-------
Melee: Flail             |    35 |    11 |    21 ||    67
  Use: Potion            |     2 |       |     3 ||     5
Armor: Scale mail        |    19 |       |       ||    19
       Chain mail        |     1 |     3 |     4 ||     8
Dodge: Dodged            |    11 |     1 |    12 ||    24
Block: Shield            |    10 |     4 |    19 ||    33
